 Dungeon Crawl Stone Soup version 0.20.0-4-g10b340a (webtiles) character file.

42 McKennaii the Sneak (level 3, -3/24 HPs)
             Began as an Octopode Assassin on May 28, 2017.
             Killed from afar by Sigmund (6 damage)
             ... with a magic dart
             ... on level 2 of the Dungeon.
             The game lasted 00:01:18 (1056 turns).

McKennaii the Sneak (Octopode Assassin)             Turns: 1056, Time: 00:01:19

Health: -3/24      AC:  1    Str: 10    XL:     3   Next: 54%
Magic:  3/3        EV: 13    Int: 13    God:
Gold:   71         SH:  0    Dex: 14    Spells: 2/2 levels left

rFire    . . .     SeeInvis .   a - +2 dagger
rCold    . . .     Gourm    .   (no shield)
rNeg     . . .     Faith    .   (helmet restricted)
rPois    .         Spirit   .   (no amulet)
rElec    .         Reflect  .   h - ring of flight
rCorr    .         Harm     .   (no ring)
MR       .....                  (no ring)
Stlth    ++++......             (no ring)
Regen    0.1/turn               (no ring)
MPRegen  0.1/turn               (no ring)
                                (no ring)
                                (no ring)

@: no status effects
A: almost no armour, stealthy swim, amphibious, 8 rings, constrict 8, camouflage
1, gelatinous body 1
a: Evoke Flight


You were on level 2 of the Dungeon.
You were not hungry.

You visited 1 branch of the dungeon, and saw 2 of its levels.

You collected 71 gold pieces.

Inventory:

Hand Weapons
 a - a +2 dagger (weapon)
 b - a +0 blowgun
Missiles
 c - 8 poisoned needles (quivered)
 d - 2 curare-tipped needles
Jewellery
 h - a ring of flight (left tentacle)
Scrolls
 e - a scroll of remove curse {unknown}
Potions
 g - a potion of curing {unknown}
 i - a potion of ambrosia {unknown}
Comestibles
 f - a bread ration
 j - a royal jelly
 k - 2 meat rations


   Skills:
 + Level 2.2 Fighting
 + Level 2.4 Short Blades
 + Level 2.1 Throwing
 + Level 1.2 Dodging
 + Level 6.3 Stealth


You had 2 spell levels left.
You didn't know any spells.

Dungeon Overview and Level Annotations

Branches:
Dungeon (2/15)

Altars:

Annotations:
D:2 Sigmund


Innate Abilities, Weirdness & Mutations

You cannot wear most types of armour.
You are very stealthy in the water. (Stealth+)
You are amphibious.
You can wear up to eight rings at the same time.
You can use your tentacles to constrict eight enemies at once.
Your skin changes colour to match your surroundings (Stealth+).
Your rubbery body absorbs attacks. (AC +1, EV +1)


Message History

The helpless kobold fails to defend itself.
You stick the kobold like a pincushion!!!
You kill the kobold!
Sigmund shouts!
Sigmund casts a spell at you. The magic dart hits you!
Sigmund zaps a wand.
The puff of flame misses you.
It is a wand of flame (?/48).
Found a leather armour.
Sigmund gestures at you while chanting. The magic dart hits you!
* * * LOW HITPOINT WARNING * * *
Sigmund zaps a wand.
The puff of flame hits you!
* * * LOW HITPOINT WARNING * * *
A worm comes into view.
There is a stone staircase leading up here.
Okay, then.
Sigmund points at you and mumbles some strange words.
The magic dart hits you!
You die...

############
.............#
......##### ..# #
......##### #.# .#
..........###.### ..#
###..####.......## ...#
##.# ####.#..#....#
####.## #....##@.....#
......####......##....#
..............#.# ...#
....##........#.# ..#
....##........#.## ...#
....##...@....#..#... #
.....................
#..###..............#
.$.# ##.#....)##..###


You could see Sigmund.

Vanquished Creatures
  An adder (D:2)
  A dart slug (D:1)
  A leopard gecko (D:1)
  A bat (D:1)
  2 giant cockroaches
  4 hobgoblins
  6 kobolds
  A quokka (D:2)
  3 frilled lizards
  4 goblins (D:1)
  4 rats
28 creatures vanquished.

Notes
Turn   | Place    | Note
-------+----------+-------------------------------------------
     0 | D:1      | McKennaii the Octopode Assassin began the quest for the Orb.
     0 | D:1      | Reached XP level 1. HP: 14/14 MP: 1/1
   388 | D:1      | Reached XP level 2. HP: 19/19 MP: 2/2
   616 | D:1      | Reached skill level 6 in Stealth
   696 | D:1      | Reached XP level 3. HP: 21/24 MP: 3/3
  1026 | D:2      | Noticed Sigmund
  1036 | D:2      | HP: 1/24 [Sigmund/wand of flame (?/48) (5)]
  1056 | D:2      | Killed from afar by Sigmund

Skill      XL: |  1  2 |
---------------+-------+-----
Stealth        | 6 |  6.3
Fighting       | |  2.2
Short Blades   | |  2.4
Throwing       | |  2.1
Dodging        | |  1.2

Action                   || total
-------------------------++-------
Melee: Dagger            ||    46
       Constrict         ||    15
       Tentacles         ||    13
 Stab: Sleeping          ||    10
Armor: Skin              ||     2
Dodge: Dodged            ||    21
